 Dungeon Crawl Stone Soup version 0.23.2-33-g5129a83184 (webtiles) character file.

Game seed: 10361488636142628418

9553 Cykl0x the Carver (level 11, -11/84 HPs)
             Began as a Formicid Fighter on July 23, 2019.
             Was a Priest of the Shining One.
             Mangled by a swamp worm (19 damage)
             ... on level 11 of the Dungeon.
             The game lasted 00:28:05 (8191 turns).

Cykl0x the Carver (Formicid Fighter)                Turns: 8191, Time: 00:28:05

Health: -11/84     AC: 14    Str: 28    XL:     11   Next: 76%
Magic:  16/16      EV:  7    Int:  8    God:    the Shining One [***...]
Gold:   269        SH: 19    Dex:  6    Spells: 10/10 levels left

rFire    + . .     SeeInvis +   B - +11 plutonium sword {*Contam Stlth-}
rCold    + + +     Gourm    .   m - +1 large shield
rNeg     + . .     Faith    .   k - +2 chain mail of Existentialism {rElec rC+++ Str+4 Dex-4}
rPois    .         Spirit   .   (helmet unavailable)
rElec    +         Reflect  .   (no cloak)
rCorr    .         Harm     .   (no gloves)
MR       +....                  w - +1 pair of boots
Stlth    ..........             o - amulet of regeneration
HPRegen  0.64/turn              D - ring of protection from fire
MPRegen  0.15/turn              A - ring of flight

@: glowing, very slow
A: permanent stasis, dig shafts and tunnels, four strong arms, antennae 3
a: Dig, Shaft Self, Divine Shield, Renounce Religion, Evoke Flight


You were on level 11 of the Dungeon.
You worshipped the Shining One.
The Shining One was most pleased with you.
You were hungry.

You visited 1 branch of the dungeon, and saw 11 of its levels.

You collected 745 gold pieces.
You spent 476 gold pieces at shops.

Inventory:

Hand Weapons
 g - a +3 scimitar of venom
 r - a +0 glaive
 B - the +11 plutonium sword (weapon) {*Contam Stlth-}
   (You acquired it on level 8 of the Dungeon)

   It causes magical contamination when unequipped.
   It makes you less stealthy.
Missiles
 l - 12 tomahawks
 n - 4 steel tomahawks (quivered)
 C - 4 silver javelins
Armour
 k - the +2 chain mail of Existentialism (worn) {rElec rC+++ Str+4 Dex-4}
   (You found it on level 7 of the Dungeon)

   It affects your strength (+4).
   It affects your dexterity (-4).
   It renders you almost immune to cold.
   It insulates you from electricity.
 m - a +1 large shield (worn)
 w - a +1 pair of boots (worn)
Jewellery
 o - an amulet of regeneration (around neck)
 u - an uncursed ring of magical power
 A - a ring of flight (right hand)
 D - a ring of protection from fire (left hand)
Wands
 v - a wand of iceblast (31)
Scrolls
 a - 4 scrolls of identify
 b - a scroll of blinking {unknown}
 j - 3 scrolls of remove curse
 p - 3 scrolls of fog
 s - 3 scrolls of amnesia
 y - a scroll of magic mapping
Potions
 d - 3 potions of might
 e - 2 potions of resistance
 i - 3 potions of lignification
 q - a potion of flight
 z - 3 potions of curing
Miscellaneous
 t - 2 sacks of spiders
Comestibles
 f - 17 rations
 x - 2 chunks of flesh


   Skills:
 + Level 7.4 Fighting
 + Level 11.3 Long Blades
 + Level 2.2 Throwing
 + Level 6.9 Armour
 + Level 2.1 Dodging
 + Level 1.5 Stealth
 + Level 10.1 Shields
 * Level 7.5 Invocations


You had 10 spell levels left.
You didn't know any spells.
Your spell library contained the following spells:

 Spells                   Type           Power        Failure   Level  Hunger
 Magic Dart               Conj           #...         99%         1    ##.....
 Call Imp                 Summ           #.......     100%        2    ###....
 Slow                     Hex            #.......     100%        2    ###....
 Conjure Flame            Conj/Fire      #.......     100%        3    ####...
 Mephitic Cloud           Conj/Pois/Air  #.......     100%        3    ####...
 Blink                    Tloc           Unusable     N/A         2    N/A

Dungeon Overview and Level Annotations

Branches:
Dungeon (11/15)            Temple (0/1) D:7            Lair (0/6) D:8
    Orc (0/2) D:9

Altars:
Ashenzari
Cheibriados
Dithmenos
Fedhas
Gozag
Kikubaaqudgha
Qazlal
Ru
Sif Muna
Uskayaw
Wu Jian
Xom
Yredelemnul
Zin
The Shining One

Shops:
D:4 (   D:8 *:((*

Annotations:
D:6 exclusion: oklob plant


Innate Abilities, Weirdness & Mutations

You cannot be hasted, slowed, berserked, paralysed or teleported.
You can dig through walls and to a lower floor.
Your four strong arms can wield two-handed weapons with a shield.
You have a pair of large antennae on your head. (SInv)


Message History

You are yanked forward by the harpoon shot.
Splash!
You block the swamp worm's attack. x2; The swamp worm bites you.
The swamp worm bites you!
The adder moves out of view.
Found a shield.
You retract your mandibles.
You slash the swamp worm!
Mutagenic energy flows through the plutonium sword!
The swamp worm is heavily wounded.
The swamp worm bites you!
The swamp worm bites you but does no damage.
The swamp worm bites you. You block the swamp worm's attack. x3
Your unstable footing causes you to fumble your attack.
You block the swamp worm's attack. x2; The swamp worm bites you!
* * * LOW HITPOINT WARNING * * *
The swamp worm bites you.
* * * LOW HITPOINT WARNING * * *
You block the swamp worm's attack. The swamp worm bites you!
* * * LOW HITPOINT WARNING * * *
The swamp worm bites you!!
You die...

##############.###
#..........###.#
#......###.'...#
#......# #.#...# .#
+......###≈≈≈≈≈≈≈.#####
#.......≈≈≈≈≈≈≈≈≈≈≈...
####'##≈≈≈#######≈≈≈+#
#....≈≈##≈≈www#P≈≈.#
#....≈≈#[≈≈ww@PP≈≈.#
#..<.≈≈##≈≈≈ww#P≈≈.#
#....≈≈≈######.≈≈≈##
#....#≈≈≈≈≈≈≈≈≈≈≈..#
#......#≈≈≈≈≈≈≈.#.....
+......'..##....#{....
#......#........# ...
#......#........# S.
#[.....#...(....# .


You could see 7 swamp worms.

Vanquished Creatures
  A hydra (D:10)
  A two-headed ogre (D:9)
  An unseen horror (D:5)
  Pikel (D:8)
  The ghost of Ykky the Chopper, a novice VSGl of the Shining One (D:6)
  A deep elf mage (D:7)
  An ugly thing (D:7)
  A cyclops (D:7)
  Prince Ribbit (D:8)
  2 hippogriffs
  A slime creature (D:7)
  Sigmund (D:6)
  2 wyverns
  A steam dragon (D:9)
  3 ice beasts
  A sky beast (D:10)
  A black bear (D:9)
  A hornet zombie (D:8)
  2 ogres
  8 orc warriors
  A necrophage (D:10)
  A phantom (D:6)
  3 wolves (D:10)
  3 centaurs
  A big kobold (D:11)
  Blork the orc (D:6)
  3 bullfrogs
  2 wyvern skeletons
  5 scorpions
  5 wights (D:9)
  2 crimson imps
  A centaur zombie (D:6)
  A quasit (D:9)
  3 jellies
  8 orc priests
  5 hounds
  A bullfrog skeleton (D:9)
  A centaur skeleton (D:7)
  10 orc wizards
  An iguana (D:5)
  9 worker ants
  A hound skeleton (D:7)
  15 adders
  6 shadow imps
  2 adder zombies
  A dart slug (D:1)
  5 leopard geckos
  46 orcs
  14 giant cockroaches
  3 goblins
  2 hobgoblins
  17 jackals
  4 kobolds
  2 quokkas
  3 bats
  6 frilled lizards
  A leopard gecko skeleton (D:5)
  4 rats
231 creatures vanquished.

Vanquished Creatures (others)
  2 slaves (D:8)
  2 orcs (D:8)
  A jackal (D:8)
5 creatures vanquished.

Grand Total: 236 creatures vanquished

Notes
Turn   | Place    | Note
-------+----------+-------------------------------------------
     0 | D:1      | Cykl0x the Formicid Fighter began the quest for the Orb.
     0 | D:1      | Reached XP level 1. HP: 18/18 MP: 1/1
   261 | D:1      | Reached XP level 2. HP: 24/24 MP: 2/2
   831 | D:2      | Reached XP level 3. HP: 29/29 MP: 3/3
  1024 | D:2      | Reached XP level 4. HP: 25/37 MP: 4/4
  1874 | D:3      | Found a shadowy altar of Dithmenos.
  1930 | D:3      | Found a hide-covered altar of Uskayaw.
  1997 | D:3      | Reached skill level 3 in Long Blades
  1997 | D:3      | Reached XP level 5. HP: 42/42 MP: 5/5
  2541 | D:4      | Reached XP level 6. HP: 34/48 MP: 6/6
  2586 | D:4      | Reached skill level 1 in Throwing
  2627 | D:4      | Found Ucixugim's Antique Weapon Boutique.
  2791 | D:4      | Reached skill level 5 in Shields
  2889 | D:4      | Found a basalt altar of Yredelemnul.
  2981 | D:4      | Found a stormy altar of Qazlal.
  3067 | D:5      | Entered Level 5 of the Dungeon
  3110 | D:5      | Reached XP level 7. HP: 21/55 MP: 7/7
  3169 | D:5      | Found a glowing golden altar of the Shining One.
  3180 | D:5      | Reached skill level 4 in Long Blades
  3466 | D:5      | Became a worshipper of the Shining One
  3816 | D:5      | Reached skill level 5 in Long Blades
  3816 | D:5      | Reached skill level 1 in Stealth
  3880 | D:5      | Noticed an unseen horror
  3903 | D:5      | Killed an unseen horror
  3903 | D:5      | Reached skill level 5 in Fighting
  3903 | D:5      | Reached skill level 6 in Long Blades
  3903 | D:5      | Reached skill level 5 in Armour
  3903 | D:5      | Reached skill level 1 in Dodging
  3903 | D:5      | Reached XP level 8. HP: 53/62 MP: 8/8
  4269 | D:6      | Found Suawey's Assorted Antiques.
  4327 | D:6      | Found an opulent altar of Gozag.
  4330 | D:6      | Found a sacrificial altar of Ru.
  4331 | D:6      | Found a shimmering altar of Xom.
  4332 | D:6      | Found a glowing silver altar of Zin.
  4332 | D:6      | Found a deep blue altar of Sif Muna.
  4369 | D:6      | Noticed Blork the orc
  4370 | D:6      | Noticed Sigmund
  4398 | D:6      | Killed Blork the orc
  4398 | D:6      | Reached skill level 1 in Invocations
  4398 | D:6      | Reached XP level 9. HP: 61/68 MP: 9/9
  4434 | D:6      | Killed Sigmund
  4676 | D:6      | Found a blossoming altar of Fedhas.
  4693 | D:6      | Noticed an oklob plant
  4796 | D:6      | Reached * piety under the Shining One
  4809 | D:6      | Found a runed translucent door.
  4809 | D:6      | Noticed Ykky's ghost (novice VSGl)
  4847 | D:6      | Killed Ykky's ghost
  4847 | D:6      | Reached skill level 7 in Long Blades
  5413 | D:7      | Found a staircase to the Ecumenical Temple.
  5546 | D:7      | Found an ancient bone altar of Kikubaaqudgha.
  5617 | D:7      | Noticed a green ugly thing
  5623 | D:7      | Killed a green ugly thing
  5623 | D:7      | Reached skill level 8 in Long Blades
  5623 | D:7      | Reached XP level 10. HP: 68/76 MP: 13/13
  5629 | D:7      | Identified the +11 executioner's axe of Wyrd {holy, rF+}
  5659 | D:7      | Noticed a deep elf mage
  5687 | D:7      | Reached ** piety under the Shining One
  5689 | D:7      | Killed a deep elf mage
  5704 | D:7      | Reached skill level 9 in Long Blades
  5704 | D:7      | Reached skill level 5 in Invocations
  5763 | D:7      | Found a shattered altar of Ashenzari.
  5978 | D:7      | Got a pitted chain mail
  5989 | D:7      | Identified the +2 chain mail of Existentialism {rElec rC+++
                  | Str+4 Dex-4} (You found it on level 7 of the Dungeon)
  6004 | D:7      | Found a runed translucent door.
  6004 | D:7      | Noticed a cyclops
  6018 | D:7      | Killed a cyclops
  6165 | D:8      | Found Umoclog's Book Emporium.
  6221 | D:8      | Noticed Pikel
  6235 | D:8      | Killed Pikel
  6253 | D:8      | Found Ycisaih's Weapon Boutique.
  6256 | D:8      | Found a snail-covered altar of Cheibriados.
  6336 | D:8      | Found Poefujeq's Assorted Antiques.
  6341 | D:8      | Found a staircase to the Lair.
  6372 | D:8      | Bought a scroll labeled SAAGIPPOCI for 27 gold pieces
  6372 | D:8      | Bought a bubbling silvery potion for 24 gold pieces
  6372 | D:8      | Bought a scroll labeled VIWA QA QIU for 27 gold pieces
  6372 | D:8      | Bought a scroll labeled TIKHLE AW ATSINON for 27 gold
                  | pieces
  6372 | D:8      | Bought a scroll of identify for 54 gold pieces
  6372 | D:8      | Bought a scroll of identify for 54 gold pieces
  6373 | D:8      | Found the +11 plutonium sword {*Contam Stlth-}
  6434 | D:8      | Found Voted's Antique Weapon Emporium.
  6454 | D:8      | Noticed Prince Ribbit
  6459 | D:8      | Killed Prince Ribbit
  6480 | D:8      | Found Vaahu's Assorted Antiques.
  6485 | D:8      | Bought a scroll of enchant weapon for 232 gold pieces
  6485 | D:8      | Bought a scroll labeled AWOIL IFALEL for 31 gold pieces
  6813 | D:9      | Reached skill level 10 in Long Blades
  6813 | D:9      | Reached XP level 11. HP: 68/83 MP: 15/15
  6947 | D:9      | Noticed a two-headed ogre
  6961 | D:9      | Killed a two-headed ogre
  7136 | D:9      | Found an ornate altar of the Wu Jian Council.
  7211 | D:9      | Reached *** piety under the Shining One
  7286 | D:9      | Found a staircase to the Orcish Mines.
  7389 | D:10     | Entered Level 10 of the Dungeon
  7461 | D:10     | Noticed a seven-headed hydra
  7466 | D:10     | Killed a nine-headed hydra
  7466 | D:10     | Reached skill level 11 in Long Blades
  7478 | D:10     | Reached skill level 10 in Shields
  7485 | D:10     | Noticed Grum
  7491 | D:10     | Noticed Grum
  7491 | D:10     | Grum changed into Grum the wyvern
  7492 | D:10     | Killed Grum the wyvern
  8191 | D:11     | Mangled by a swamp worm

Skill      XL: |  1  2  3  4  5  6  7  8  9 10 11 |
---------------+----------------------------------+-----
Fighting       | 4 5 6 7 |  7.4
Shields        | 4 5 6 7 8 9 10 | 10.1
Long Blades    | 3 6 8 10 11 | 11.3
Armour         | 4 5 6 |  6.9
Throwing       | 1 2 |  2.2
Stealth        | 1 |  1.5
Dodging        | 1 2 |  2.1
Invocations    | 1 4 6 7 |  7.5

Action                   |  1- 3 |  4- 6 |  7- 9 | 10-12 || total
-------------------------+-------+-------+-------+-------++-------
Melee: Long sword        |    96 |    93 |       |       ||   189
       Scimitar          |       |    86 |   233 |    85 ||   404
       Triple sword      |       |       |       |   152 ||   152
Throw: Stone             |     2 |       |       |       ||     2
       Tomahawk          |       |    10 |     5 |     9 ||    24
 Abil: Dig               |       |     1 |     8 |     4 ||    13
  Use: Scroll            |     5 |     6 |     6 |    11 ||    28
       Potion            |       |       |     2 |       ||     2
  Eat: Chunk             |       |     8 |     6 |     9 ||    23
       Ration            |       |       |     1 |       ||     1
Armor: Chain mail        |    57 |    67 |    80 |    58 ||   262
       Scale mail        |     5 |       |       |       ||     5
Dodge: Dodged            |    30 |    23 |    32 |    44 ||   129
Block: Shield            |    74 |       |       |       ||    74
       Large shield      |       |   157 |   167 |   195 ||   519
       Rpst.: Long sword |    10 |     4 |       |       ||    14
       Scimitar          |       |     5 |    15 |     1 ||    21
       Triple sword      |       |       |       |     8 ||     8
